 Dungeon Crawl Stone Soup version 0.30-a0-118-ga018f8e90f (webtiles) character file.

Game seed: 6057169556157652364

187 Newt the Trooper (level 5, -2/42 HPs)
             Began as a Demonspawn Gladiator on Sept 13, 2022.
             Slain by a phantom (5 damage)
             ... on level 4 of the Dungeon.
             The game lasted 00:03:15 (3749 turns).

Newt the Trooper (Demonspawn Gladiator)             Turns: 3749, Time: 00:03:15

Health: -2/42      AC:  5    Str: 16    XL:     5   Next: 39%
Magic:  5/5        EV: 12    Int: 10    God:
Gold:   154        SH:  0    Dex: 14    Spells: 4/4 levels left

rFire   . . .      SeeInvis .    a - +0 rapier
rCold   . . .      Faith    .    (no shield)
rNeg    . . .      Spirit   .    b - +0 leather armour
rPois   .          Reflect  .    c - +0 helmet
rElec   .          Harm     .    (no cloak)
rCorr   .          Rampage  .    (no gloves)
Will    .....                    (no boots)
Stlth   ++........               (no amulet)
HPRegen 0.14/turn                (no ring)
MPRegen 0.09/turn                (no ring)

@: no status effects
A: claws 1, sharp scales 1
a: no special abilities


You were on level 4 of the Dungeon.
You visited 1 branch of the dungeon, and saw 4 of its levels.

You collected 154 gold pieces.

Inventory:

Hand Weapons
 a - a +0 rapier (weapon)
 o - a +0 quarterstaff
Missiles
 d - 3 throwing nets (quivered)
 g - a javelin
Armour
 b - a +0 leather armour (worn)
 c - a +0 helmet (worn)
Jewellery
 m - a +6 ring of dexterity
Scrolls
 f - a scroll of amnesia
 i - a scroll of blinking
Potions
 e - a potion of ambrosia {unknown}
 h - a potion of haste {unknown}
 j - a potion of cancellation {unknown}
 k - a potion of flight {unknown}
 l - a potion of lignification {unknown}


   Skills:
 - Level 4.0 Fighting
 - Level 4.0 Short Blades
 - Level 0.2 Staves
 - Level 1.7 Throwing
 + Level 2.7 Dodging
 - Level 2.0 Stealth


You had 4 spell levels left.
You didn't know any spells.
Your spell library contained the following spells:

 Spells                   Type           Power      Damage    Failure   Level
 Static Discharge         Conj/Air       0%         3-3/arc   56%         2
 Gell's Gravitas          Tloc           0%         N/A       80%         3
 Inner Flame              Hex/Fire       0%         N/A       80%         3
 Lesser Beckoning         Tloc           0%         N/A       80%         3
 Teleport Other           Tloc           0%         N/A       80%         3
 Cause Fear               Hex            0%         N/A       99%         4
 Arcjolt                  Conj/Air       0%         1d10      100%        5
 Lightning Bolt           Conj/Air       0%         1d11      100%        5
 Discord                  Hex            0%         N/A       100%        8
 Maxwell's Capacitive Co  Air            0%         ∞         100%        8


Dungeon Overview and Level Annotations

Branches:
Dungeon (4/15)
 Temple: D:4-7

Altars:


Innate Abilities, Weirdness & Mutations

You have sharp fingernails.
You are partially covered in razor-sharp scales. (AC +1, Slay +1)


Message History

The quokka completely misses you. The phantom hits you. The quokka misses you.
You barely miss the quokka.
The quokka is heavily wounded.
The quokka misses you. The phantom hits you.
You hit the quokka.
You kill the quokka!
The phantom hits you.
You barely miss the phantom.
The phantom is moderately damaged.
The phantom barely misses you.
You closely miss the phantom.
The phantom is moderately damaged.
The phantom hits you.
You barely miss the phantom.
The phantom is moderately damaged.
The phantom hits you.
The phantom blinks!
You blink.
You barely miss the phantom.
The phantom is moderately damaged.
The phantom hits you.
* * * LOW HITPOINT WARNING * * *
Unknown command.
You closely miss the phantom.
The phantom is moderately damaged.
The phantom barely misses you.
Unknown command.
You hit the phantom but do no damage.
The phantom is moderately damaged.
The phantom hits you.
* * * LOW HITPOINT WARNING * * *
Unknown command.
As you read the scroll of butterflies, it crumbles to dust.
You hear the tinkle of a tiny bell.
The phantom hits you.
* * * LOW HITPOINT WARNING * * *
Unknown command.
You swap places.
The phantom barely misses your butterfly.
Unknown command.
There is an escape hatch in the floor here.
You swap places.
The phantom hits you.
You die...

'#.
#.<#..#.##.#
.... ##
#.##..#....# ..
#.....#.####
.####.##.##.#
.' +..##....#
.###..#######
######.#....#
#.(b.bb.†##..#
#...b@..b##...#
#...Wb#.#.#..>#
#..bbbb_b.#####
#.....#.#.#
#######...#
#...# ..# .# .#


You could see a phantom (ally target).

Vanquished Creatures
  A phantom (D:4)
  5 adders
  2 worms
  3 dart slugs
  2 bats
  6 endoplasms
  5 giant cockroaches
  3 goblins
  5 hobgoblins
  4 jackals (D:1)
  2 quokkas (D:4)
  2 ball pythons (D:1)
  2 frilled lizards
  5 kobolds
  8 rats
55 creatures vanquished.

Notes
Turn   | Place    | Note
-------+----------+-------------------------------------------
     0 | D:1      | Newt the Demonspawn Gladiator began the quest for the Orb.
     0 | D:1      | Reached XP level 1. HP: 16/16 MP: 1/1
    53 | D:1      | Reached skill level 1 in Stealth
   455 | D:1      | Gained mutation: You are partially covered in razor-sharp
                  | scales. (AC +1, Slay +1) [demonic ancestry]
   455 | D:1      | Reached XP level 2. HP: 20/22 MP: 2/2
   966 | D:1      | Found a faded altar of an unknown god.
  1627 | D:2      | Reached XP level 3. HP: 28/28 MP: 3/3
  1807 | D:2      | You fall into a shaft and drop 2 floors!
  1812 | D:4      | Noticed a phantom
  1845 | D:4      | Killed a phantom
  1846 | D:4      | Gained mutation: You have sharp fingernails. [demonic
                  | ancestry]
  1846 | D:4      | Reached XP level 4. HP: 12/37 MP: 4/4
  2689 | D:2      | Reached XP level 5. HP: 39/42 MP: 5/5
  3730 | D:4      | Noticed a phantom
  3749 | D:4      | Slain by a phantom

Illustrated notes

Levels and vault maps discovered:
D:1:      lemuel_arrival_cross, layout_loops_corners,
          shapermc_ecumenical_altar_starsandcircs, serial_co_window_serial,
          co_window_paths_b, co_window_paths_a, co_window_cross_1,
          co_window_corner_a, co_window_paths_b, co_window_paths_a,
          co_window_of_opportunity_a, co_window_2corner, co_window_paths_c,
          co_window_corner_b, co_window_corner_b, co_window_paths_c,
          co_window_2corner, glass_columns_a, glass_columns_c, dk_noncrumbling_3
D:2:      layout_basic
D:3:      layout_basic, minmay_misc_feat_columns, minmay_between
D:4:      layout_basic, lemuel_crystal_altar, serial_shops, kennysheep_mini,
          st_stairs_11

Skill      XL: |  1  2  3  4  5 |
---------------+----------------+-----
Stealth        | 1 2 |  2.0
Fighting       | 4 |  4.0
Short Blades   | 3 4 |  4.0
Staves         | |  0.2
Throwing       | |  1.7
Dodging        | |  2.7

Action                   |  1- 3 |  4- 6 || total
-------------------------+-------+-------++-------
Melee: Rapier            |    91 |   100 ||   191
       Punch             |       |     1 ||     1
       Quarterstaff      |       |    11 ||    11
Throw: Throwing net      |     2 |       ||     2
       Javelin           |     1 |       ||     1
  Use: Scroll            |     3 |     4 ||     7
       Potion            |     2 |       ||     2
 Stab: Sleeping          |     4 |     1 ||     5
Armor: Leather armour    |    31 |    24 ||    55
Dodge: Dodged            |    34 |    68 ||   102

Table legend: (Time is in decaauts)
 A = Elapsed time spent in this place.
 B = Non-inter-level travel time spent in this place.
 C = Inter-level travel time spent in this place.
 D = Time resting spent in this place.
 E = Time spent auto-exploring this place.
 F = Levels seen in this place.
 G = Mean time per level.
                   A        B        C        D        E       F      G
               +--------+--------+--------+--------+--------+-----+--------+
         Total |   3760 |   3608 |    152 |    246 |   2915 |   4 |  940.0 |
       Dungeon |   3760 |   3608 |    152 |    246 |   2915 |   4 |  940.0 |
               +--------+--------+--------+--------+--------+-----+--------+

Top non-repeatable levels by time:
     D:1: 1595 daAuts
     D:3: 894 daAuts
     D:2: 798 daAuts
     D:4: 471 daAuts
